 Dungeon Crawl Stone Soup version 0.30.0-10-gfe55d96785 (webtiles) character file.

Game seed: 7471646926727184437

963 qeuew the Magician (level 7, -2/46 HPs)
             Began as a Demonspawn Fire Elementalist on May 15, 2023.
             Was an Initiate of Gozag.
             Slain by an ogre
             ... wielding a +0 giant club
              (21 damage)
             ... on level 6 of the Dungeon.
             The game lasted 00:11:44 (5305 turns).

qeuew the Magician (Demonspawn Fire Elementalist)   Turns: 5305, Time: 00:11:45

Health: -2/46      AC:  9    Str: 18 (20) XL:     7   Next: 92%
Magic:  2/14       EV: 15    Int: 20 (21) God:    Gozag
Gold:   216        SH:  0    Dex: 15 (16) Spells: 2/15 levels left

rFire   . . .        h - staff of cold "Halagya" {+Blink rC+ Str+5 Int+3}
rCold   + . .        (no shield)
rNeg    + . .        f - +2 robe of Instinct {rCorr Dex+3}
rPois   +            (helmet restricted)
rElec   .            (no cloak)
rCorr   +            (no gloves)
SInv    .            e - +0 pair of boots of Ydioret {rPois rN+}
Will    .....        n - amulet of regeneration
Stlth   +++          i - +6 ring of strength
HPRegen 1.07/turn    a - +4 ring of protection
MPRegen 0.14/turn

%: no passive effects
@: about to teleport
A: antennae 1, repulsion field 1, spiny 1
a: Renounce Religion, Evoke Blink, Potion Petition, Call Merchant, Bribe Branch


You were on level 6 of the Dungeon.
You worshipped Gozag.
Gozag was aware of your devotion.
You visited 2 branches of the dungeon, and saw 7 of its levels.

You collected 265 gold pieces.
You paid 49 gold pieces to Gozag.

Inventory:

Armour
 e - the +0 pair of boots of Ydioret (worn) {rPois rN+}
   (You acquired it on level 1 of the Dungeon)

   rPois:     It protects you from poison.
   rN:        It protects you from negative energy.
 f - the +2 robe of Instinct (worn) {rCorr Dex+3}
   (You found it on level 4 of the Dungeon)

   Dex:       It affects your dexterity (+3).
   rCorr:     It protects you from acid and corrosion.
Magical Staves
 h - the staff of cold "Halagya" (weapon) {+Blink rC+ Str+5 Int+3}
   (You found it on level 2 of the Dungeon)

   [staff of cold]

   Base accuracy: +5 Base damage: 5 Base attack delay: 1.2 This weapon's minimum
   attack delay (0.6) is reached at skill level 12.
   Str:       It affects your strength (+5).
   Int:       It affects your intelligence (+3).
   rC:        It protects you from cold.
   +Blink:    It lets you blink.
   It falls into the 'Staves' category.
   It is a one-handed weapon.
Jewellery
 a - a +4 ring of protection (right hand)
 i - a +6 ring of strength (left hand)
 n - an amulet of regeneration (around neck)
Wands
 j - a wand of quicksilver (13)
Scrolls
 b - 4 scrolls of fog
 d - a scroll of butterflies
Potions
 l - a potion of cancellation


   Skills:
 + Level 2.2 Staves
 + Level 3.5 Dodging
 + Level 3.7 Stealth
 * Level 4.8 Spellcasting
 + Level 3.4 Conjurations
 + Level 4.1 Fire Magic
 + Level 1.2 Evocations


You had 2 spell levels left.
You knew the following spells:

 Your Spells              Type           Power      Damage    Failure   Level
a - Foxfire               Conj/Fire      80%        2x1d8     2%          1
b - Scorch                Fire           42%        2d6       3%          2
c - Flame Wave            Conj/Fire      20%        2d7       24%         4
d - Starburst             Conj/Fire      10%        6d5       98%         6

Your spell library contained the following spells:

 Spells                   Type           Power      Damage    Failure   Level
 Beastly Appendage        Tmut           8%         N/A       12%         1
 Ensorcelled Hibernation  Hex/Ice        14%        N/A       19%         2
 Passwall                 Tmut/Erth      3%         N/A       19%         2
 Wereblood                Tmut           4%         N/A       19%         2
 Inner Flame              Hex/Fire       13%        N/A       16%         3
 Volatile Blastmotes      Fire/Tloc      26%        2d12      16%         3
 Dazzling Flash           Conj/Hex       22%        N/A       17%         3
 Frozen Ramparts          Ice            14%        1d3       34%         3
 Spider Form              Tmut/Pois      4%         N/A       34%         3
 Swiftness                Air            4%         N/A       34%         3
 Iskenderun's Mystic Bla  Conj/Tloc      11%        2d4       50%         4
 Ice Form                 Ice/Tmut       7%         N/A       75%         4
 Summon Ice Beast         Ice/Summ       7%         N/A       75%         4


Dungeon Overview and Level Annotations

Branches:
Dungeon (6/15)             Temple (1/1) D:5

Altars:
Ashenzari
Cheibriados
Dithmenos
Fedhas
Gozag
Hepliaklqana
Kikubaaqudgha
Makhleb
Nemelex Xobeh
Okawaru
Ru
Sif Muna
Trog
Uskayaw
Xom
Yredelemnul

Shops:
D:2 *   D:6 *

Annotations:
D:6 1 runed translucent door, Edmund


Innate Abilities, Weirdness & Mutations

You have a pair of small antennae on your head.
You are surrounded by a mild repulsion field. (EV +2)
You are partially covered in sharp spines.


Message History

Edmund is heavily wounded.
Edmund hits you with a +6 antimagic flail!
* * * LOW HITPOINT WARNING * * *
Unknown command.
As you read the scroll of teleportation, it crumbles to dust.
You feel strangely unstable. Edmund barely misses you.
Unknown command.
Edmund says, "People accused me of being a cutpurse!"
Edmund attacks as you move away! Edmund closely misses you.
Your surroundings suddenly seem different.
A black bear, a hound, an iguana and 2 orcs come into view.
The orc shouts!
You hear a shout!
An orc comes into view. It is wielding a +0 short sword.
The orc moves out of view.
You hear a shout!
The orc shouts!
An orc comes into view. It is wielding a +0 mace.
As you read the scroll of teleportation, it crumbles to dust.
You feel strangely unstable.
Unknown command.
An orc comes into view. It is wielding a +0 whip.
Found a stone staircase leading down.
The iguana hisses angrily.
The orc shouts!
An ice beast comes into view.
Your surroundings suddenly seem different.
A gnoll bouda, an ogre, a scorpion, 2 phantoms, an orc warrior, a jelly, a black bear and a sky beast come into view.
The gnoll bouda is wielding a +0 whip of distortion.
Found a scroll labelled XOTOUSHIASH and 5 stones.
Found a shimmering altar of Xom.
The black bear growls angrily.
The ogre shouts!
The orc warrior shouts!
The black bear growls angrily.
The phantom misses you.
The black bear moves out of view.
As you read the scroll of teleportation, it crumbles to dust.
You feel strangely unstable.
The hound barks!
The black bear is struck by your spines.
The black bear closely misses you. The black bear misses you.
The black bear claws you but does no damage.
The ogre hits you with a +0 giant club!!
You die...
Your body crumbles into a pile of gold.

... ..#.
...Y.......... .....
#......#.....### ...#
.............#.###....
......##..l...#?.#..
...#.........##...#
#....##.......#g@O#
...o..........#hWs.#
................W.o.#
#######o.....##Jh..##
....o......Y.## $
###.##.#..#..#. #o.###
.#(###


.oo . ## ...# You could see an orc warrior, a black bear, a sky beast, an ogre,
2 phantoms, a gnoll bouda, a scorpion, a hound, a jelly and an orc.

Vanquished Creatures
  Grinder (D:4)
  Menkaure (D:6)
  A phantom (D:5)
  A scorpion (D:3)
  2 hounds (D:5)
  2 iguanas
  A sleepcap (D:4)
  Jessica (D:2)
  Natasha (twice) (D:2)
  An orc wizard (D:3)
  Robin (D:2)
  11 gnolls
  5 adders
  4 worms
  2 dart slugs
  14 orcs
  6 bats
  4 endoplasms
  6 giant cockroaches
  10 goblins
  5 hobgoblins
  7 jackals
  4 quokkas
  7 ball pythons
  2 frilled lizards (D:2)
  6 kobolds
  4 rats
111 creatures vanquished.

Vanquished Creatures (others)
  80 foxfires
80 creatures vanquished.

Grand Total: 191 creatures vanquished

Notes
Turn   | Place    | Note
-------+----------+-------------------------------------------
     0 | D:1      | qeuew the Demonspawn Fire Elementalist began the quest for
                  | the Orb.
     0 | D:1      | Reached XP level 1. HP: 13/13 MP: 3/3
   394 | D:1      | Gained mutation: You have a pair of small antennae on your
                  | head. [demonic ancestry]
   394 | D:1      | Reached XP level 2. HP: 19/19 MP: 3/5
   696 | D:1      | Learned a level 2 spell: Scorch
   830 | D:1      | Identified a scroll of acquirement
   830 | D:1      | Acquired the +0 pair of boots of Ydioret {rPois rN+}
  1010 | D:2      | Found a bloodstained altar of Trog.
  1122 | D:2      | Found Gase Yda's General Store.
  1135 | D:2      | You fall into a shaft and drop 1 floor!
  1173 | D:3      | Reached XP level 3. HP: 6/24 MP: 0/6
  1274 | D:3      | Found a shimmering altar of Xom.
  1602 | D:3      | Gained mutation: You are surrounded by a mild repulsion
                  | field. (EV +2) [demonic ancestry]
  1602 | D:3      | Reached XP level 4. HP: 30/30 MP: 3/8
  1609 | D:3      | Found a broken altar of Ashenzari.
  1800 | D:2      | Noticed Jessica
  1828 | D:2      | Killed Jessica
  1984 | D:2      | Noticed Natasha
  1987 | D:2      | Killed Natasha
  2028 | D:2      | Identified the staff of cold "Halagya" {+Blink rC+ Str+5
                  | Int+3}
  2056 | D:2      | Noticed Natasha
  2063 | D:2      | Killed Natasha
  2064 | D:2      | Reached XP level 5. HP: 31/35 MP: 0/9
  2164 | D:2      | Noticed Robin
  2248 | D:2      | Killed Robin
  2467 | D:3      | Found a faded altar of an unknown god.
  2694 | D:3      | Gained mutation: You are partially covered in sharp spines.
                  | [demonic ancestry]
  2694 | D:3      | Reached XP level 6. HP: 27/41 MP: 1/11
  2852 | D:3      | Found a snail-covered altar of Cheibriados.
  3136 | D:4      | Identified the +2 robe of Instinct {rCorr Dex+3}
  3163 | D:4      | Noticed Grinder
  3168 | D:4      | Paralysed by Grinder for 3 turns
  3178 | D:4      | Killed Grinder
  3179 | D:4      | Reached skill level 1 in Staves
  3422 | D:4      | Reached XP level 7. HP: 37/46 MP: 4/13
  3618 | D:4      | Found an ancient bone altar of Kikubaaqudgha.
  3903 | D:4      | Found a shimmering blue altar of Sif Muna.
  4069 | D:4      | Learned a level 4 spell: Flame Wave
  4080 | D:5      | Entered Level 5 of the Dungeon
  4088 | D:5      | Learned a level 6 spell: Starburst
  4109 | D:5      | Found a staircase to the Ecumenical Temple.
  4147 | Temple   | Entered the Ecumenical Temple
  4206 | Temple   | Became a worshipper of Gozag Ym Sagoz the Greedy
  5046 | D:6      | Noticed Menkaure
  5053 | D:6      | Killed Menkaure
  5054 | D:6      | Reached skill level 1 in Evocations
  5115 | D:6      | Found a runed translucent door.
  5145 | D:6      | Found Baidufor's Elemental Accessories.
  5150 | D:6      | Noticed Edmund
  5304 | D:6      | Found a shimmering altar of Xom.
  5305 | D:6      | Slain by an ogre

Illustrated notes

Levels and vault maps discovered:
D:1:      tarquinn_simple_flora_water_f, layout_basic,
          chequers_serial_rivers_micro_a, nrook_mini_backslash, fountainhead,
          amcnicky_mini_rare_corridor_liquid
D:2:      layout_rooms, basic_altar, serial_shops, nicolae_shop_behind_doors,
          uniq_natasha, uniq_robin, uniq_jessica
D:3:      layout_loops_ring, evilmike_ruin_ashenzari, amcnicky_altar_gilded,
          cheibriados_altar_1, ebering_ecumenical_altar_hall
D:4:      layout_rooms, mainiacjoe_overflow_tiny_flanked,
          mainiacjoe_overflow_chevrons, uniq_grinder
D:5:      layout_loops_ring, minmay_temple_entry_mist, kennysheep_donut
D:6:      layout_basic, nicolae_qazlal_eye_of_the_storm, serial_shops,
          nicolae_take_the_stairs, ebering_ghost_inner_flame,
          nicolae_elemental_shop, ebering_dispersal_statue_hall,
          minmay_ruined_shrine, uniq_menkaure, uniq_edmund, uniq_blork_the_orc,
          uniq_duvessa
Temple:   chequers_temple_sunken

Skill      XL: |  1  2  3  4  5  6  7 |
---------------+----------------------+-----
Dodging        | 2 3 |  3.5
Stealth        | 2 3 |  3.7
Fire Magic     | 3 4 |  4.1
Conjurations   | 2 3 |  3.4
Spellcasting   | 3 4 |  4.8
Staves         | 1 2 |  2.2
Evocations     | 1 |  1.2

Action                     |  1- 3 |  4- 6 |  7- 9 || total
---------------------------+-------+-------+-------++-------
  Melee: Unarmed           |    44 |    14 |       ||    58
         Punch             |     1 |     2 |     1 ||     4
         Staff             |       |    46 |    20 ||    66
   Cast: Foxfire           |    32 |    14 |       ||    46
         Scorch            |    21 |    51 |    50 ||   122
    Use: Scroll            |     5 |     2 |     5 ||    12
         Potion            |     3 |     4 |     2 ||     9
 Armour: Leather armour    |    19 |    30 |       ||    49
         Robe              |       |     7 |     7 ||    14
  Dodge: Dodged            |    23 |   104 |    42 ||   169
